 Dungeon Crawl Stone Soup version 0.20.1-1-g8b1a95d (webtiles) character file.

842 LarsimusPrime the Basher (level 7, 0/61 HPs)
             Began as a Minotaur Berserker on Sept 27, 2017.
             Was a Priest of Trog.
             Slain by a crocodile (4 damage)
             ... on level 7 of the Dungeon.
             The game lasted 00:14:28 (2972 turns).

LarsimusPrime the Basher (Minotaur Berserker)       Turns: 2972, Time: 00:14:29

Health: 0/61       AC: 20    Str: 22    XL:     7   Next: 67%
Magic:  6/6        EV:  8    Int:  5    God:    Trog [***...]
Gold:   223        SH:  0    Dex: 10    Spells: 6/6 levels left

rFire    . . .     SeeInvis .   l - +1 mace (protect)
rCold    . . .     Gourm    .   (no shield)
rNeg     . . .     Faith    .   C - +0 plate armour
rPois    .         Spirit   .   (helmet restricted)
rElec    .         Reflect  .   (no cloak)
rCorr    .         Harm     .   D - +0 pair of gloves
MR       .....                  (no boots)
Stlth    ..........             d - amulet of rage
Regen    0.2/turn               (no ring)
MPRegen  0.1/turn               (no ring)

@: protection aura
A: retaliatory headbutt, horns 2
a: Berserk, Trog's Hand, Burn Spellbooks, Renounce Religion, Evoke Berserk Rage


You were on level 7 of the Dungeon.
You worshipped Trog.
Trog was most pleased with you.
You were not hungry.

You visited 1 branch of the dungeon, and saw 5 of its levels.

You collected 223 gold pieces.

Inventory:

Hand Weapons
 a - a +0 mace
 l - a +1 mace of protection (weapon)
Missiles
 p - 7 javelins (quivered)
 F - 4 tomahawks of returning
Armour
 b - a +0 animal skin
 w - a +0 ring mail
 C - a +0 plate armour (worn)
 D - a +0 pair of gloves (worn)
Jewellery
 d - an amulet of rage (around neck)
 i - a -3 ring of protection
 A - an uncursed ring of positive energy {unknown}
Wands
 B - a wand of acid (14/15)
Scrolls
 e - 5 scrolls of identify
 h - a scroll of random uselessness {unknown}
 j - 4 scrolls of teleportation
 m - 4 scrolls of amnesia
 n - a scroll of remove curse
 q - a scroll of blinking
 r - a scroll of fog {unknown}
 s - a scroll of noise {unknown}
 x - 3 scrolls of magic mapping {unknown}
 y - a scroll of fear {unknown}
Potions
 f - a potion of invisibility
 g - a potion of mutation {unknown}
 t - 6 potions of curing
 z - a potion of resistance {unknown}
Books
 u - a book of Changes

   Spells                             Type                      Level
   a - Beastly Appendage              Transmutation                1
   b - Sticks to Snakes               Transmutation                2
   c - Spider Form                    Transmutation/Poison         3
   d - Ice Form                       Ice/Transmutation            4
   e - Blade Hands                    Transmutation                5
   Trog disapproves of the use of such an item.
Comestibles
 c - 3 bread rations
 k - 3 meat rations
 o - 3 royal jellies
 v - 7 fruits
 E - 14 chunks of flesh


   Skills:
 + Level 5.6 Fighting
 + Level 8.4 Maces & Flails
 + Level 4.4 Armour
 + Level 4.0 Dodging
 + Level 1.1 Stealth


You had 6 spell levels left.
You didn't know any spells.

Dungeon Overview and Level Annotations

Branches:
Dungeon (4/15)
 Temple: D:4-7

Altars:
Okawaru
Qazlal


Innate Abilities, Weirdness & Mutations

You reflexively headbutt those who attack you in melee.
You have a pair of horns on your head.


Message History

The crocodile is severely wounded.
The crocodile bites you!
You hit the crocodile. Your headbutt misses the crocodile.
The crocodile is almost dead.
The crocodile bites you!
You hit the crocodile but do no damage.
The crocodile is almost dead.
The crocodile bites you but does no damage.
You hit the crocodile but do no damage.
The crocodile is almost dead.
The crocodile bites you!
* * * LOW HITPOINT WARNING * * *
You closely miss the crocodile.
The crocodile is almost dead.
The crocodile bites you!
* * * LOW HITPOINT WARNING * * *
You closely miss the crocodile. Your headbutt misses the crocodile.
The crocodile is almost dead.
The crocodile bites you.
You die...

######## ####......#
...#......# ...#......#
...#......# #'##......##
##+######
......######..###.......#
......# #....t@.......#
......# #.....#.......#
......# #.....#.......#
......# ###+###.......#
..##'### #.......######
..#....# #.......#...#
..')...# #....)..#...#
).#....# #.......#...#
..#....# #.......#...#


You could see a crocodile.

Vanquished Creatures
  An orc warrior (D:7)
  An ice beast (D:7)
  2 ogres (D:7)
  A scorpion (D:4)
  A water moccasin skeleton (D:7)
  A bullfrog skeleton (D:4)
  3 orc priests
  An orc wizard (D:7)
  A centaur skeleton (D:4)
  2 worker ants
  6 adders
  3 oozes
  3 worms (D:3)
  3 leopard geckos
  10 orcs
  7 bats
  5 giant cockroaches
  11 goblins
  3 hobgoblins (D:1)
  3 jackals (D:2)
  13 kobolds
  A ball python (D:2)
  3 frilled lizards
  A quokka skeleton (D:4)
  7 rats
93 creatures vanquished.

Notes
Turn   | Place    | Note
-------+----------+-------------------------------------------
     0 | D:1      | LarsimusPrime the Minotaur Berserker began the quest for the Orb.
     0 | D:1      | Reached XP level 1. HP: 19/19 MP: 0/0
   104 | D:1      | Reached skill level 4 in Maces & Flails
   146 | D:1      | Reached XP level 2. HP: 21/27 MP: 1/1
   689 | D:1      | Reached XP level 3. HP: 33/33 MP: 2/2
   751 | D:2      | Reached skill level 5 in Maces & Flails
   869 | D:2      | Reached ** piety under Trog
   886 | D:2      | Reached XP level 4. HP: 34/40 MP: 3/3
  1415 | D:3      | Found a stormy altar of Qazlal.
  2125 | D:4      | Reached *** piety under Trog
  2125 | D:4      | Reached XP level 5. HP: 47/47 MP: 4/4
  2150 | D:4      | Reached skill level 6 in Maces & Flails
  2441 | D:4      | Found an iron altar of Okawaru.
  2568 | D:4      | Reached XP level 6. HP: 50/53 MP: 5/5
  2723 | D:4      | You fall through a shaft for 3 floors!
  2756 | D:7      | Reached skill level 5 in Fighting
  2756 | D:7      | Reached skill level 7 in Maces & Flails
  2892 | D:7      | Noticed an orc warrior
  2894 | D:7      | Reached XP level 7. HP: 61/61 MP: 6/6
  2896 | D:7      | Reached skill level 1 in Stealth
  2904 | D:7      | Reached skill level 8 in Maces & Flails
  2972 | D:7      | Slain by a crocodile

Skill      XL: |  1  2  3  4  5  6  7 |
---------------+----------------------+-----
Maces & Flails | 4 5 6 7 8 |  8.4
Fighting       | 4 5 |  5.6
Dodging        | 3 4 |  4.0
Armour         | 3 4 |  4.4
Stealth        | 1 |  1.1

Action                   |  1- 3 |  4- 6 |  7- 9 || total
-------------------------+-------+-------+-------++-------
Melee: Mace              |    60 |   140 |    29 ||   229
       Headbutt          |     9 |    18 |     4 ||    31
Invok: Burn Spellbooks   |       |     1 |       ||     1
       Berserk           |       |     1 |       ||     1
  Use: Scroll            |     3 |     3 |       ||     6
       Potion            |       |     2 |       ||     2
  Eat: Chunk             |       |     6 |     2 ||     8
Armor: Animal skin       |    15 |    16 |       ||    31
       Ring mail         |       |    19 |       ||    19
       Plate armour      |       |    27 |    15 ||    42
Dodge: Dodged            |    45 |    81 |     6 ||   132
